Match 32064629
Unlisted

Match 32064629
End
Construct Section Command Post
Vickers Machine Gun Team
Selects Air and Sea Battlegroup
Infantry Section
Infantry Section
Grenade Package
Construct Field Infirmary
Construct Platoon Command Post
Selects Supply Surplus
Unlock Bishop Self-propelled Artillery
Vickers Machine Gun Team
Selects Commando Section Paradrop
Commando Section Paradrop
Bishop Self-propelled Artillery
Commando Section Paradrop
Selects M1 Pack Howitzer Paradrop
Bishop Self-propelled Artillery
Royal Engineer Section
Selects Centaur Medium Tank
Construct Company Command Post
Crusader II Medium Tank
Unlock M3 Grant Medium Tanks
Selects Assault Flares
Assault Flares
M3 Grant Medium Tank
Assault Flares
Selects Anti-tank Rocket Loiter
Anti-tank Rocket Loiter
Anti-tank Rocket Loiter
Bishop Self-propelled Artillery
Assault Flares
M3 Grant Medium Tank
M3 Grant Medium Tank
Microsoft Office PowerPoint
Microsoft Outlook
Microsoft Office Excel
Microsoft Office Word
Dam
Grognard
Zadot
g0ldL1ght
0
0

Comments sign in to comment!

No comments posted yet!